 Dungeon Crawl Stone Soup version 0.32-a0-576-g706899e69d (webtiles) character file.

Game seed: 9493722932375815670

10213 lunkers the Slicer (level 11, -6/89 HPs)
             Began as a Coglin Brigand on Feb 29, 2024.
             Was an Initiate of Gozag.
             Mangled by an ogre
             ... wielding a +0 giant spiked club
             ... led by Lodul
              (28 damage)
             ... on level 12 of the Dungeon on Mar 1, 2024.
             The game lasted 00:25:10 (11949 turns).

lunkers the Slicer (Coglin Brigand)                Turns: 11949, Time: 00:25:10

Health: -6/89      AC: 13    Str: 16    XL:     11   Next: 58%
Magic:  11/11      EV: 14    Int: 11    God:    Gozag
Gold:   1833       SH:  0    Dex: 15    Spells: 10/10 levels left

rFire   . . .        v - +1 dagger (elec) {Francisca}
rCold   . . .        o - +2 short sword (drain) {Sanghe}
rNeg    . . .        g - +1 ring mail
rPois   .            z - +0 helmet
rElec   .            u - +2 cloak
rCorr   .            G - +2 pair of gloves
SInv    .            (no boots)
Will    .....        (amulet unavailable)
Stlth   ++           (ring unavailable)
HPRegen 0.34/turn    (ring unavailable)
MPRegen 0.12/turn    (no gizmo)

%: no passive effects
@: gold aura, revved
A: off-hand wielding, slow wielding, warmup strikes, no jewellery
a: Invent Gizmo, Renounce Religion, Potion Petition, Call Merchant, Bribe Branch


You were on level 12 of the Dungeon.
You worshipped Gozag.
Gozag was most pleased with you.
You visited 2 branches of the dungeon, and saw 13 of its levels.
You also visited: Sewer.

You collected 1927 gold pieces.
You paid 94 gold pieces to Gozag.

Inventory:

Hand Weapons
 a - a +2 dagger of flaming {Tomás}
 m - a +0 dagger of protection {Octavia}
 o - a +2 short sword of draining (offhand) {Sanghe}
 v - a +1 dagger of electrocution (weapon) {Francisca}
Missiles
 d - 52 poisoned darts
 e - 4 curare-tipped darts
 h - 4 darts of dispersal
 y - a throwing net
 H - 5 silver javelins
 L - 2 datura-tipped darts
Armour
 g - a +1 ring mail (worn)
 u - a +2 cloak (worn)
 z - a +0 helmet (worn)
 G - a +2 pair of gloves (worn)
Wands
 b - a wand of warping (25)
 c - a wand of quicksilver (3)
 f - a wand of flame (24)
 B - a wand of polymorph (2)
 K - a wand of digging (4)
Scrolls
 i - a scroll of enchant armour
 j - 2 scrolls of fear
 n - 3 scrolls of teleportation
 s - a scroll of blinking
 x - 3 scrolls of fog
 A - 3 scrolls of vulnerability
 J - a scroll of immolation
 M - a scroll of enchant weapon
Potions
 k - 2 potions of enlightenment
 l - 4 potions of might
 p - 4 potions of magic
 q - 3 potions of heal wounds
 r - a potion of mutation
 t - a potion of haste
 w - a potion of lignification
 C - a potion of ambrosia
 D - a potion of attraction
 E - a potion of invisibility {unknown}
 F - a potion of cancellation {unknown}
 I - 2 potions of curing {unknown}


   Skills:
 + Level 9.3 Fighting
 - Level 10.0 Short Blades
 - Level 1.7 Throwing
 + Level 8.3 Dodging
 - Level 3.2 Stealth
 - Level 9.0 Evocations


You had 10 spell levels left.
You didn't know any spells.
Your spell library contained the following spells:

 Spells                   Type           Power      Damage    Failure   Level
 Magic Dart               Conj           0%         1d3       56%         1
 Slow                     Hex            0%         N/A       56%         1
 Blink                    Tloc           0%         N/A       71%         2
 Call Imp                 Summ           0%         N/A       71%         2
 Cigotuvi's Dreadful Rot  Necr/Alch/Air  0%         N/A       71%         2
 Searing Ray              Conj           0%         2d4       71%         2
 Confusing Touch          Hex            0%         N/A       90%         3
 Ozocubu's Armour         Ice            0%         N/A       90%         3
 Sigil of Binding         Hex            0%         N/A       90%         3
 Vampiric Draining        Necr           0%         2d6       90%         3
 Dispel Undead            Necr           0%         3d6       100%        4
 Fulminant Prism          Conj/Alch      0%         3d5       100%        4
 Martyr's Knell           Necr/Summ      0%         N/A       100%        4
 Metabolic Englaciation   Hex/Ice        0%         N/A       100%        5
 Death Channel            Necr           0%         N/A       100%        6
 Sculpt Simulacrum        Ice/Alch       0%         N/A       100%        6


Dungeon Overview and Level Annotations

Branches:
Dungeon (12/15)            Temple (1/1) D:5            Lair (0/5) D:11
    Orc (0/2) D:10          Sewer (visited)

Altars:
Ashenzari
Cheibriados
Dithmenos
Elyvilon
Fedhas
Gozag
Hepliaklqana
Kikubaaqudgha
Makhleb
Nemelex Xobeh
Okawaru
Qazlal
Ru
Sif Muna
Trog
Uskayaw
Vehumet
Wu Jian
Xom
Yredelemnul
Zin
The Shining One

Shops:
D:3 =   D:9 *

Annotations:
D:4 3 runed translucent doors, adelrune's ghost, amateur CoHs
D:10 exclusions: obsidian statue and orange crystal statue
D:12 Lodul


Innate Abilities, Weirdness & Mutations

You can wield a second weapon in your off-hand.
It takes a long time for you to wield or remove held weapons.
Your first few attacks do less damage.
You cannot equip rings or amulets.


Message History

Deactivating autopickup; reactivate with Ctrl-A.
You hit the ogre with your +2 short sword of draining.
The ogre is moderately wounded.
You hit the ogre but do no damage.
The ogre is distracted by your dazzling golden aura.
The ogre shouts!
You hit the ogre but do no damage.
The ogre is no longer distracted by gold.
The ogre is lightly wounded.
You hit the ogre with your +2 short sword of draining.
Electricity crackles from Lodul's apparatus.
The bolt of lightning hits you!
* * * LOW HITPOINT WARNING * * *
You hit the ogre but do no damage.
The ogre is moderately wounded.
You hit the ogre with your +1 dagger of electrocution.
Lightning courses through the ogre!
Unknown command.
The ogre hits you with a +0 giant club.
* * * LOW HITPOINT WARNING * * *
The ogre misses you.
The ogre hits you with a +0 giant spiked club!!
* * * LOW HITPOINT WARNING * * *
There is an open door, spattered with blood here.
Items here: $ ))).
You hit the ogre with your +2 short sword of draining.
You drain the ogre.
The ogre is almost dead.
You barely miss the ogre with your +1 dagger of electrocution.
You barely miss the ogre with your +2 short sword of draining.
The ogre is almost dead.
You hit the ogre but do no damage.
The ogre is distracted by your dazzling golden aura.
You hit the ogre with your +2 short sword of draining.
The ogre is almost dead.
You hit the ogre with your +1 dagger of electrocution.
The ogre barely misses you.
The ogre hits you with a +0 giant spiked club!!
You die...
Your body crumbles into a pile of gold.

......#.....?.
.....#......
#....##....#
##....##....##
+.....#......#
#.....#.....$#
#.....#W.....#
#.....#O.....#
#....O@OO..<.#
########.....#
#.....#
......##
........#
..........
O.........
.........


You could see Lodul, a wraith and 3 ogres.

Vanquished Creatures
  A two-headed ogre (D:10)
  Erica (D:9)
  Urug (D:10)
  A cyclops (D:10)
  A gargoyle (D:11)
  A kobold demonologist (D:9)
  A tengu conjurer (D:10)
  A merfolk (D:8)
  2 trolls (D:10)
  A hornet (D:7)
  A dream sheep (D:11)
  4 yaks (D:10)
  A shadow (D:10)
  2 vampires (D:11)
  Grum (D:10)
  A steam dragon (D:7)
  3 water moccasins
  A sky beast (D:8)
  7 orc warriors
  An ice beast (D:5)
  8 ogres
  2 wolves (D:10)
  6 centaurs
  A phantom (D:6)
  4 kobold brigands
  2 brain worms (Sewer)
  A bullfrog (D:8)
  A gnoll sergeant (D:9)
  A scorpion (D:6)
  5 wights (D:8)
  8 killer bees
  4 howler monkeys
  2 jellies (D:6)
  2 bombardier beetles
  3 hounds
  5 orc priests
  3 iguanas
  A sleepcap (D:6)
  11 orc wizards
  Ijyb (D:5)
  12 gnolls
  9 adders
  5 river rats (Sewer)
  A white imp (D:7)
  2 ribbon worms
  42 orcs
  8 ball pythons
  7 endoplasms
  3 giant cockroaches
  8 goblins
  6 hobgoblins
  5 jackals
  16 kobolds
  4 quokkas
  9 bats
  14 frilled lizards
  8 rats
263 creatures vanquished.

Vanquished Creatures (others)
  2 orcs (D:8)
2 creatures vanquished.

Grand Total: 265 creatures vanquished

Notes
Turn   | Place    | Note
-------+----------+-------------------------------------------
     0 | D:1      | lunkers the Coglin Brigand began the quest for the Orb.
     0 | D:1      | Reached XP level 1. HP: 16/16 MP: 1/1
    52 | D:1      | Reached skill level 2 in Short Blades
   182 | D:1      | Reached XP level 2. HP: 22/22 MP: 2/2
   429 | D:1      | Reached skill level 3 in Short Blades
   479 | D:1      | Reached XP level 3. HP: 27/27 MP: 3/3
   971 | D:2      | You fall into a shaft and drop 2 floors!
   982 | D:4      | Found an ornate altar of the Wu Jian Council.
  1038 | D:3      | Found Vuhuufes's Jewellery Shop.
  1195 | D:3      | Found an ancient bone altar of Kikubaaqudgha.
  1198 | D:3      | Found a radiant altar of Vehumet.
  1201 | D:3      | Found a snail-covered altar of Cheibriados.
  1359 | D:3      | Reached XP level 4. HP: 30/33 MP: 4/4
  1396 | D:3      | Reached skill level 4 in Short Blades
  1748 | D:2      | Reached XP level 5. HP: 10/38 MP: 5/5
  2564 | D:4      | Found a runed translucent gate.
  2564 | D:4      | Found a runed translucent gate.
  2564 | D:4      | Found a runed translucent gate.
  2566 | D:4      | Found an opulent altar of Gozag.
  2569 | D:4      | Noticed a phantom
  2569 | D:4      | Noticed adelrune's ghost (amateur CoHs)
  2569 | D:4      | Noticed an orc warrior
  2645 | D:4      | Reached skill level 5 in Short Blades
  2681 | D:4      | Reached XP level 6. HP: 32/44 MP: 6/6
  2761 | D:4      | Reached skill level 6 in Short Blades
  2806 | D:4      | Found a shimmering blue altar of Sif Muna.
  3094 | D:5      | Entered Level 5 of the Dungeon
  3380 | D:5      | Noticed an ice beast
  3401 | D:5      | Killed an ice beast
  3402 | D:5      | Reached XP level 7. HP: 16/50 MP: 7/7
  3630 | D:5      | Found a staircase to the Ecumenical Temple.
  3658 | D:5      | Reached skill level 7 in Short Blades
  3676 | Temple   | Entered the Ecumenical Temple
  3685 | Temple   | Became a worshipper of Gozag Ym Sagoz the Greedy
  3759 | D:5      | Found a glowing drain.
  3763 | Sewer    | Entered a sewer
  4386 | Sewer    | Reached skill level 8 in Short Blades
  4603 | D:5      | Noticed Ijyb
  4613 | D:5      | Killed Ijyb
  4614 | D:5      | Reached XP level 8. HP: 54/56 MP: 8/8
  5159 | D:6      | Reached skill level 9 in Short Blades
  5923 | D:7      | Reached skill level 10 in Short Blades
  5923 | D:7      | Reached skill level 1 in Dodging
  5923 | D:7      | Reached skill level 1 in Evocations
  6132 | D:7      | Found a white marble altar of Elyvilon.
  6321 | D:7      | Reached XP level 9. HP: 62/62 MP: 9/9
  6497 | D:7      | Noticed a hornet
  6502 | D:7      | Killed a hornet
  6610 | D:7      | Found a glowing silver altar of Zin.
  6953 | D:8      | Reached skill level 5 in Evocations
  7361 | D:8      | Reached skill level 5 in Fighting
  7381 | D:8      | Upgraded the game from 0.32-a0-571-gec57dfcd37 to
                  | 0.32-a0-576-g706899e69d
  7551 | D:8      | Noticed Maurice
  7553 | D:8      | Noticed a two-headed ogre
  7554 | D:8      | Maurice changed into Maurice the ogre
  7554 | D:8      | Noticed Maurice
  7555 | D:8      | a two-headed ogre changed into a broodmother
  7555 | D:8      | Noticed a broodmother
  7556 | D:8      | a broodmother changed into a merfolk
  7556 | D:8      | Noticed a merfolk
  7564 | D:8      | Killed Maurice the ogre
  7576 | D:8      | Killed a merfolk
  7577 | D:8      | Reached XP level 10. HP: 57/74 MP: 10/10
  7951 | D:9      | Noticed a kobold demonologist
  7962 | D:9      | Noticed a sun demon
  7962 | D:9      | Killed a kobold demonologist
  7963 | D:9      | Reached skill level 5 in Dodging
  7999 | D:9      | Noticed Erica
  8015 | D:9      | Killed Erica
  8577 | D:9      | Found Akys Syo's Neck Hole.
  9009 | D:10     | Entered Level 10 of the Dungeon
  9079 | D:10     | Noticed a cyclops
  9113 | D:10     | Killed a cyclops
  9132 | D:10     | Found a staircase to the Orcish Mines.
  9501 | D:10     | Noticed Grum
  9524 | D:10     | Killed Grum
  9822 | D:10     | Reached XP level 11. HP: 81/84 MP: 11/11
  9840 | D:10     | Noticed an obsidian statue
  9840 | D:10     | Noticed an orange crystal statue
  9981 | D:10     | Noticed Urug
  9990 | D:10     | Killed Urug
 10406 | D:10     | Noticed a two-headed ogre
 10419 | D:10     | Killed a two-headed ogre
 11115 | D:11     | Found a staircase to the Lair.
 11388 | D:11     | Noticed a two-headed ogre
 11390 | D:11     | a two-headed ogre changed into a dream sheep
 11912 | D:12     | Noticed Lodul
 11949 | D:12     | Mangled by an ogre

Illustrated notes

Levels and vault maps discovered:
D:1:      dpeg_arrival_ratfight, layout_basic, chequers_serial_rivers_micro_b
D:2:      layout_basic
D:3:      layout_basic, nicolae_overflow_hidden_temple, serial_shops, shop
D:4:      layout_basic, mainiacjoe_overflow_paths, kennysheep_orc_sif_temple,
          ebering_ghost_gozag
D:5:      layout_basic, minmay_temple_entry_butterflies,
          mainiacjoe_sewer_entry_somewhere_in_here_1, uniq_ijyb
D:6:      layout_rooms, serial_rivers, chequers_serial_rivers_small_a,
          chequers_serial_rivers_micro_b, chequers_serial_rivers_micro_a,
          chequers_serial_rivers_large_b
D:7:      layout_gridville, mainiacjoe_overflow_concentric_impassable,
          lemuel_crystal_altar, nicolae_benzene_ring
D:8:      layout_rooms, uniq_maurice
D:9:      layout_long_grid, serial_rivers, chequers_serial_rivers_room_b,
          chequers_serial_rivers_micro_c, chequers_serial_rivers_room_b,
          chequers_serial_rivers_large_a, chequers_serial_rivers_small_a,
          nicolae_shop_sticking_my_neck_out, uniq_erica
D:10:     layout_roguey, erik_orc_3, david_greed, uniq_urug, uniq_grum
D:11:     layout_gridville, lair_entry_dummy, nrook_mini_vaults
D:12:     layout_gridville, uniq_lodul, uniq_snorg
Temple:   hellmonk_temple_two_chambers

Skill      XL: |  1  2  3  4  5  6  7  8  9 10 11 |
---------------+----------------------------------+-----
Short Blades   | 2 3 4 5 6 8 10 | 10.0
Dodging        | 1 4 6 8 |  8.3
Evocations     | 2 6 9 |  9.0
Fighting       | 5 7 9 |  9.3
Throwing       | |  1.7
Stealth        | |  3.2

Action                     |  1- 3 |  4- 6 |  7- 9 | 10-12 || total
---------------------------+-------+-------+-------+-------++-------
  Melee: Dagger            |   188 |   272 |   388 |   382 ||  1230
         Short sword       |       |       |   391 |   375 ||   766
  Evoke: Wand              |       |       |     4 |     5 ||     9
    Use: Scroll            |       |    12 |     6 |     8 ||    26
         Potion            |       |       |       |     3 ||     3
   Stab: Sleeping          |     3 |     6 |     1 |     1 ||    11
         Distracted        |       |       |     1 |     4 ||     5
 Armour: Ring mail         |    54 |    71 |   213 |   188 ||   526
  Dodge: Dodged            |    40 |    55 |   160 |   158 ||   413

Table legend: (Time is in decaauts)
 A = Elapsed time spent in this place.
 B = Non-inter-level travel time spent in this place.
 C = Inter-level travel time spent in this place.
 D = Time resting spent in this place.
 E = Time spent auto-exploring this place.
 F = Levels seen in this place.
 G = Mean time per level.
                   A        B        C        D        E       F      G
               +--------+--------+--------+--------+--------+-----+--------+
         Total |  11734 |  11351 |    383 |    385 |   9070 |  14 |  838.1 |
       Dungeon |  10767 |  10384 |    383 |    385 |   8346 |  12 |  897.2 |
        Temple |     18 |     18 |      0 |      0 |      0 |   1 |   18.0 |
         Sewer |    947 |    947 |      0 |      0 |    723 |   1 |  947.0 |
               +--------+--------+--------+--------+--------+-----+--------+

Top non-repeatable levels by time:
    D:10: 1560 daAuts
    D:11: 1184 daAuts
     D:9: 1144 daAuts
     D:5: 1061 daAuts
     D:7: 959 daAuts
   Sewer: 947 daAuts
     D:8: 918 daAuts
     D:1: 867 daAuts
     D:6: 857 daAuts
     D:2: 772 daAuts
     D:3: 749 daAuts
     D:4: 665 daAuts
    D:12: 26 daAuts
  Temple: 18 daAuts
